 Dungeon Crawl Stone Soup version 0.27-a0-1196-g3e9cee4cb2 (webtiles) character file.

Game seed: 4434388318785203956

133 mordus the Caller (level 4, 19/19 HPs)
             Began as a Felid Summoner on May 28, 2021.
             Quit the game on level 4 of the Dungeon.
             The game lasted 00:26:36 (6393 turns).

mordus the Caller (Felid Summoner)                  Turns: 6393, Time: 00:26:37

Health: 19/19      AC:  1    Str:  4    XL:     4   Next: 94%
Magic:  10/10      EV: 21    Int: 17    God:
Gold:   125        SH:  0    Dex: 17    Spells: 4/10 levels left
                                        Lives:  0   Deaths: 1

rFire    . . .     SeeInvis +     - Unarmed
rCold    . . .     Faith    .   (shield unavailable)
rNeg     . . .     Spirit   .   (armour unavailable)
rPois    .         Reflect  .   (helmet unavailable)
rElec    .         Harm     .   (cloak unavailable)
rCorr    .         Rampage  .   (gloves unavailable)
Will     .....                  (boots unavailable)
Stlth    ++........             u - amulet of magic regeneration
HPRegen  0.06/turn              c - ring of wizardry
MPRegen  0.37/turn              k - +4 ring of evasion

@: quick
A: very small, claws 1, fangs 3, see invisible, speed 1, shaggy fur 1, stealthy
paws, no weapons or thrown items, no armour, multi-lived
a: no special abilities


You were on level 4 of the Dungeon.
You visited 1 branch of the dungeon, and saw 4 of its levels.

You collected 125 gold pieces.

Inventory:

Jewellery
 c - a ring of wizardry (left paw)
 k - a +4 ring of evasion (right paw)
 u - an amulet of magic regeneration (around neck)
Wands
 s - a wand of iceblast (7)
Scrolls
 a - 4 scrolls of identify
 b - a scroll of teleportation {unknown}
 e - a scroll of torment {unknown}
 f - a scroll of enchant armour {unknown}
 h - a scroll of blinking {unknown}
 n - a scroll of noise {unknown}
 o - 4 scrolls of magic mapping {unknown}
 p - a scroll of fear {unknown}
 q - a scroll of amnesia {unknown}
 t - a scroll of vulnerability {unknown}
Potions
 d - a potion of brilliance {unknown}
 g - a potion of cancellation {unknown}
 i - a potion of attraction {unknown}
 j - a potion of resistance {unknown}
 l - 3 potions of lignification {unknown}
 m - a potion of curing {unknown}
 r - 2 potions of heal wounds {unknown}
 v - a potion of flight {unknown}


   Skills:
 + Level 2.0 Fighting
 - Level 2.6 Dodging
 - Level 2.6 Stealth
 + Level 2.1 Unarmed Combat
 * Level 3.7 Spellcasting
 * Level 5.3 Summonings


You had 4 spell levels left.
You knew the following spells:

 Your Spells              Type           Power      Damage    Failure   Level
a - Summon Small Mammal   Summ           84%        N/A       1%          1
b - Call Imp              Summ           21%        N/A       1%          2
c - Call Canine Familiar  Summ           21%        N/A       2%          3

Your spell library contained the following spells:

 Spells                   Type           Power      Damage    Failure   Level
 Magic Dart               Conj           12%        1d3       6%          1
 Summon Guardian Golem    Hex/Summ       12%        N/A       7%          3
 Searing Ray              Conj           6%         3d3       10%         2
 Dazzling Flash           Conj/Hex       6%         N/A       19%         3
 Summon Ice Beast         Ice/Summ       12%        N/A       22%         4
 Summon Lightning Spire   Summ/Air       12%        N/A       22%         4
 Fulminant Prism          Conj/Hex       1%         3d6       52%         4
 Iskenderun's Mystic Bla  Conj/Tloc      3%         2d3       52%         4


Dungeon Overview and Level Annotations

Branches:
Dungeon (4/15)
 Temple: D:4-7

Altars:

Annotations:
D:2 1 runed translucent door, Crazy Yiuf
D:4 Eustachio


Innate Abilities, Weirdness & Mutations

You have sharp claws.
You have razor-sharp teeth.
You have supernaturally acute eyesight. (SInv)
You cover ground quickly. (Speed+)
You are covered in fur. (AC +1)
Your paws help you pounce on unaware monsters.
You are incapable of wielding weapons or throwing items.
You cannot wear armour.
You gain extra lives every three experience levels.


Message History

Your hound bites the orc.
The orc dies!
Your crimson imp blinks! x2
Your hound bites the orc.
Something hits your hound but does no damage.
Your hound bites the orc.
The orc dies!
The orc closely misses your hound.
The orc priest hits your hound with a +0 flail.
The orc hits your hound with a +0 club. What are your orders? t - Meow!
Orders for allies: a - Attack new target. r - Retreat! s - Stop attacking. g - Guard the area. f - Follow me.
Anything else - Cancel.
Gang up on whom?
Press: ? - help, Dir - move target, f - orc priest
Aim: an orc priest, wielding a +0 flail (ally target) Attack!
Your hound bites the orc priest.
The white imp barely misses you.
Your crimson imp blinks!
The orc closely misses your crimson imp.
Casting: Call Imp (safe; 1% risk of failure)
Confirm with . or Enter, or press ? or * to list all spells.
A beastly little devil appears in a puff of flame.
Your hound bites the orc priest.
The white imp gestures at you. The puff of frost hits you!
Ouch! That really hurt!
The white imp gestures at you. The puff of frost hits you!
Ouch! That really hurt!
You die...
You are now level 4!
You rejoin the land of the living...
Found a scroll labelled OHAUNL KOWENEUX and 14 gold pieces.
Found an escape hatch in the floor.
b - a scroll labelled OHAUNL KOWENEUX You now have 125 gold pieces (gained 14).
Are you sure you want to abandon this character and quit the game? (Confirm with "yes".)

.........o...####
#...............##.## # ##
###...............#..# ..
........>........#.## .#
#..................##### .
#...............#..5..5. #.
#.............##.######
#.######.....#...o.###.# #
#...........@# #.#o.#..# #
###.####..##.###.#h.5.## #
#.# ##.......5.o#..# #
#...........[.....5o#######
...#######.#..#####o)5...##
##... ..#...####..ho.5.†
..##. .##.#..!.#######.#
..# #. .#..####...# #.. ###
.. #.# ###.### ##5


There were no monsters in sight!

Vanquished Creatures
  2 endoplasms
  A giant cockroach (D:1)
  2 goblins
  2 hobgoblins (D:1)
  2 quokkas
  A ball python (D:1)
  A bat (D:1)
  3 rats
14 creatures vanquished.

Vanquished Creatures (collateral kills)
  Duvessa (D:4)
  An ice beast (D:4)
  Dowan (D:4)
  A centaur skeleton (D:4)
  Ijyb (D:3)
  Robin (D:2)
  3 gnolls (D:2)
  4 adders
  A dart slug (D:1)
  3 orcs (D:4)
  6 ball pythons
  9 endoplasms
  A giant cockroach (D:3)
  20 goblins
  7 hobgoblins
  7 jackals (D:3)
  3 quokkas
  A bat (D:3)
  3 kobolds (D:1)
  2 rats (D:1)
76 creatures vanquished.

Grand Total: 90 creatures vanquished

Notes
Turn   | Place    | Note
-------+----------+-------------------------------------------
     0 | D:1      | mordus the Felid Summoner began the quest for the Orb.
     0 | D:1      | Reached XP level 1. HP: 7/7 MP: 4/4
   588 | D:1      | Reached XP level 2. HP: 12/12 MP: 0/6
   651 | D:1      | Learned a level 2 spell: Call Imp
  1589 | D:1      | Reached skill level 1 in Unarmed Combat
  2046 | D:2      | Reached XP level 3. HP: 8/15 MP: 2/7
  2253 | D:2      | Reached skill level 1 in Fighting
  2293 | D:2      | Noticed Robin
  2320 | D:2      | Killed Robin
  2869 | D:2      | Learned a level 3 spell: Call Canine Familiar
  3333 | D:2      | Found a runed translucent door.
  3334 | D:2      | Noticed Crazy Yiuf
  3460 | D:3      | Reached XP level 4. HP: 19/19 MP: 4/9
  4316 | D:3      | Found a faded altar of an unknown god.
  4752 | D:3      | Noticed Ijyb
  4771 | D:3      | Killed Ijyb
  5121 | D:4      | Noticed a phantom
  5138 | D:4      | Noticed an ice beast
  5247 | D:4      | Noticed Duvessa
  5296 | D:4      | Killed an ice beast
  5297 | D:4      | Reached skill level 5 in Summonings
  5297 | D:4      | Reached XP level 5. HP: 22/22 MP: 7/11
  5329 | D:4      | Noticed Dowan
  5338 | D:4      | Noticed Eustachio
  6032 | D:4      | Killed Duvessa
  6314 | D:4      | Killed Dowan
  6379 | D:4      | Killed from afar by a white imp
  6380 | D:4      | Reached XP level 4. HP: -1/19 MP: 7/10
  6393 | D:4      | Quit the game

Illustrated notes

Levels and vault maps discovered:
D:1:      heliophobic_arrival_henge, layout_basic, minivault_24,
          patterned_corridor
D:2:      layout_loops_cross, nrook_campfire, uniq_crazy_yiuf_cottage,
          uniq_robin
D:3:      kennysheep_goblin_castle, layout_basic,
          hellmonk_ecumenical_altar_leap_of_faith
D:4:      layout_rooms, uniq_duvessa, uniq_eustachio

Skill      XL: |  1  2  3  4  5 |
---------------+----------------+-----
Unarmed Combat | 1 2 |  2.1
Fighting       | 1 2 |  2.0
Spellcasting   | 3 |  3.7
Summonings     | 5 |  5.3
Dodging        | |  2.6
Stealth        | |  2.6

Action                   |  1- 3 |  4- 6 || total
-------------------------+-------+-------++-------
Melee: Unarmed           |    43 |    21 ||    64
       Bite              |     4 |     2 ||     6
       Punch             |       |     1 ||     1
 Cast: Summon Small Mamm |    30 |     8 ||    38
       Call Imp          |    49 |    60 ||   109
       Call Canine Famil |     2 |    17 ||    19
  Use: Scroll            |       |     1 ||     1
 Stab: Sleeping          |     3 |       ||     3
Armor: Skin              |     2 |     1 ||     3
Dodge: Dodged            |    39 |    48 ||    87

Table legend: (Time is in decaauts)
 A = Elapsed time spent in this place.
 B = Non-inter-level travel time spent in this place.
 C = Inter-level travel time spent in this place.
 D = Time resting spent in this place.
 E = Time spent auto-exploring this place.
 F = Levels seen in this place.
 G = Mean time per level.
                   A        B        C        D        E       F      G
               +--------+--------+--------+--------+--------+-----+--------+
         Total |   5869 |   5817 |     52 |   1207 |   3333 |   4 | 1467.2 |
       Dungeon |   5869 |   5817 |     52 |   1207 |   3333 |   4 | 1467.2 |
               +--------+--------+--------+--------+--------+-----+--------+

Top non-repeatable levels by time:
     D:3: 2364 daAuts
     D:1: 1706 daAuts
     D:2: 1394 daAuts
     D:4: 404 daAuts
